 Dungeon Crawl Stone Soup version 0.19.4 (webtiles) character file.

45 JeffiDaFish the Chiller (level 3, -1/24 HPs)
             Began as a Demonspawn Ice Elementalist on Feb 4, 2017.
             Slain by a worm (7 damage)
             ... on level 2 of the Dungeon.
             The game lasted 00:05:46 (1412 turns).

JeffiDaFish the Chiller (DsIE)                      Turns: 1412, Time: 00:05:47

Health: -1/24      AC:  5    Str:  8    XL:     3   Next: 42%
Magic:  0/6        EV: 12    Int: 16    God:
Gold:   97         SH:  0    Dex: 14    Spells: 2 memorised, 4 levels left

rFire  + . .     SeeInvis .     e - +0 dagger
rCold  . . .     Gourm    .     f - +0 leather armour
rNeg   . . .     Faith    .     (no shield)
rPois  .         Spirit   .     (no helmet)
rElec  .         Reflect  .     (no cloak)
rCorr  .         Harm     .     (no gloves)
MR     .....                    (no boots)
Stlth  ++........               (no amulet)
                                (no ring)
                                h - ring of protection from fire

@: very slightly contaminated
A: molten scales 1
a: no special abilities


You were on level 2 of the Dungeon.
You were not hungry.

You visited 1 branch of the dungeon, and saw 2 of its levels.

You collected 97 gold pieces.

Inventory:

Hand Weapons
 e - a +0 dagger (weapon)
Armour
 f - a +0 leather armour (worn)
Jewellery
 h - a ring of protection from fire (left hand)
Scrolls
 k - a scroll of identify
Potions
 j - a potion of flight
 l - a potion of brilliance
Books
 b - a book of Frost

   Spells                             Type                      Level
   a - Freeze                         Ice                          1
   b - Throw Frost                    Conjuration/Ice              2
   c - Ozocubu's Armour               Charms/Ice                   3
   d - Throw Icicle                   Conjuration/Ice              4
   e - Summon Ice Beast               Ice/Summoning                4
Comestibles
 a - a meat ration
 c - 2 bread rations
 d - 6 chunks of flesh
 g - a royal jelly
 i - 5 fruits


   Skills:
 + Level 0.2 Fighting
 + Level 0.1 Short Blades
 + Level 0.6 Armour
 + Level 2.1 Dodging
 + Level 1.7 Stealth
 + Level 2.5 Spellcasting
 + Level 1.0 Conjurations
 + Level 3.2 Ice Magic


You had 4 spell levels left.
You knew the following spells:

 Your Spells              Type           Power        Failure   Level  Hunger
a - Freeze                Ice            ##..         10%         1    #......
b - Throw Frost           Conj/Ice       #.....       21%         2    ##.....


Dungeon Overview and Level Annotations

Branches:
Dungeon (2/15)

Altars:


Innate Abilities, Weirdness & Mutations

You are partially covered in molten scales. (AC +2)


Message History

The worm misses you.
You barely miss the worm.
The worm is severely wounded.
The worm bites you.
* * * LOW HITPOINT WARNING * * *
You hit the worm.
The worm is severely wounded.
You hit the worm but do no damage.
The worm is severely wounded.
The worm bites you.
* * * LOW HITPOINT WARNING * * *
You barely miss the worm.
The worm is severely wounded.
You hit the worm.
The worm is severely wounded.
The worm barely misses you.
You hit the worm but do no damage.
The worm is severely wounded.
The worm bites you!
You die...

#..........#)#
#..
#..........#.# ..
#.....<....#.#
#............#
#................
#............####
#.............#
#####)........#
#.@.......#
#.w........
#.........
#.........
#.........
#.........
##########


You could see a worm.

Vanquished Creatures
  An ooze (D:2)
  A dart slug (D:1)
  2 leopard geckos
  7 bats
  2 giant cockroaches
  6 goblins
  5 hobgoblins
  4 jackals (D:1)
  A frilled lizard (D:1)
  3 rats (D:1)
32 creatures vanquished.

Notes
Turn   | Place    | Note
-------+----------+-------------------------------------------
     0 | D:1      | JeffiDaFish the Demonspawn Ice Elementalist began the quest for the Orb.
     0 | D:1      | Reached XP level 1. HP: 13/13 MP: 3/3
    91 | D:1      | Gained mutation: You are partially covered in molten scales. (AC +2) [demonic ancestry]
    91 | D:1      | Reached XP level 2. HP: 11/19 MP: 0/5
   259 | D:1      | Learned a level 2 spell: Throw Frost
   456 | D:1      | Reached skill level 3 in Ice Magic
   733 | D:1      | Reached XP level 3. HP: 10/24 MP: 0/6
  1128 | D:2      | Found a faded altar of an unknown god.
  1412 | D:2      | Slain by a worm

Skill      XL: |  1  2 |
---------------+-------+-----
Dodging        | 2 |  2.1
Ice Magic      | 3 |  3.2
Fighting       | |  0.2
Short Blades   | |  0.1
Armour         | |  0.6
Stealth        | |  1.7
Spellcasting   | |  2.5
Conjurations   | |  1.0

Action                   || total
-------------------------++-------
Melee: Dagger            ||   123
 Cast: Freeze            ||    35
       Throw Frost       ||    10
  Use: Scroll            ||     4
       Potion            ||     4
  Eat: Chunk             ||     3
Armor: Robe              ||    11
       Leather armour    ||    54
Dodge: Dodged            ||   127
